 Seeded DCSS version 0.30.1-9-gdf580d7c3d (webtiles) character file.

Game seed: 920673320228942481 (custom seed)

69 Psyclone the Conjurer (level 4, -12/24 HPs)
             Began as a Deep Elf Conjurer on Oct 9, 2023.
             Mangled by Menkaure (24 damage)
             ... on level 5 of the Dungeon.
             The game lasted 00:00:07 (421 turns).

Psyclone the Conjurer (Deep Elf Conjurer)            Turns: 421, Time: 00:00:08

Health: -12/24     AC:  2    Str:  4    XL:     4   Next: 2%
Magic:  6/10       EV: 12    Int: 25    God:
Gold:   0          SH:  0    Dex: 13    Spells: 6/9 levels left

rFire   . . .        (no weapon)
rCold   . . .        (no shield)
rNeg    . . .        a - +0 robe
rPois   .            (no helmet)
rElec   .            (no cloak)
rCorr   .            (no gloves)
SInv    .            (no boots)
Will    .....        e - amulet of the acrobat
Stlth   ++           (no ring)
HPRegen 0.24/turn    (no ring)
MPRegen 0.12/turn

%: acrobat
@: no status effects
A: no striking features
a: no special abilities


You were on level 5 of the Dungeon.
You visited 1 branch of the dungeon, and saw 5 of its levels.

Inventory:

Armour
 a - a +0 robe (worn)
Jewellery
 e - an amulet of the acrobat (around neck)
Scrolls
 c - 3 scrolls of acquirement {unknown}
Potions
 b - a potion of magic
 d - a potion of lignification {unknown}
 f - a potion of ambrosia {unknown}


   Skills:
 - Level 2.4 Dodging
 - Level 2.4 Stealth
 - Level 3.0 Spellcasting
 + Level 6.2 Conjurations


You had 6 spell levels left.
You knew the following spells:

 Your Spells              Type           Power      Damage    Failure   Level
a - Magic Dart            Conj           100%       1d8       1%          1
b - Searing Ray           Conj           68%        2d6       1%          2

Your spell library contained the following spells:

 Spells                   Type           Power      Damage    Failure   Level
 Dazzling Flash           Conj/Hex       38%        N/A       9%          3
 Fulminant Prism          Conj/Hex       9%         3d7       28%         4
 Iskenderun's Mystic Bla  Conj/Tloc      19%        2d6       28%         4


Dungeon Overview and Level Annotations

Branches:
Dungeon (5/15) Zot: 26948
 Temple: D:4-7

Altars:

Annotations:
D:5 Menkaure


Message History

You now have 3/10 mp.
A scorpion is nearby!
Memorise Searing Ray, consuming 2 spell levels and leaving 6?
You start memorising the spell.
You continue memorising.
The scorpion misses you.
You continue memorising.
The scorpion closely misses you.
You finish memorising.
Spell assigned to 'b'.
You hit the scorpion but do no damage. You punch the scorpion.
The scorpion is heavily wounded.
The scorpion stings you. The scorpion completely misses you.
You closely miss the scorpion.
The scorpion is heavily wounded.
The scorpion stings you.
You hit the scorpion but do no damage.
The scorpion is heavily wounded.
The scorpion closely misses you.
You hit the scorpion but do no damage.
The scorpion is heavily wounded.
The scorpion stings you.
You hit the scorpion but do no damage. Your punch misses the scorpion.
The scorpion is heavily wounded.
The scorpion misses you.
You hit the scorpion but do no damage.
The scorpion is heavily wounded.
The scorpion barely misses you.
The scorpion stings you but does no damage.
The scorpion stings you. The scorpion barely misses you.
Found a faintly glowing bone amulet.
The scorpion stings you.
Menkaure, Prince of Dust comes into view.
Menkaure shouts!
Menkaure mumbles some strange words.
Menkaure seems to speed up.
The scorpion misses you.
You barely miss Menkaure. Menkaure barely misses you.
The scorpion stings you but does no damage.
Menkaure hits you!!
Ouch! That really hurt!
You die...

..... ...# .......#
#..+ #.#.....###
##..# #.........#
##...#
.#.........###....#
....... #.........#
#......##...#.###.#
#.......##.#...#
#...@s..##.#.#.#
#..M....##.).#.+
#...."..##.....#
#.......##.....#
#.......#......#
..###..........#
...
.....^.....#####+
.#.#
.#..............
#............##


You could see Menkaure (fast) and a scorpion.

Vanquished Creatures
  A hound (D:4)
  An iguana (D:5)
  A dart slug (D:1)
  3 orcs (D:4)
  A ball python (D:4)
  An endoplasm (D:3)
8 creatures vanquished.

Notes
Turn   | Place    | Note
-------+----------+-------------------------------------------
     0 | D:1      | Psyclone the Deep Elf Conjurer began the quest for the Orb.
     0 | D:1      | Reached XP level 1. HP: 10/10 MP: 6/6
   164 | D:4      | Noticed a hound
   169 | D:4      | Killed a hound
   170 | D:4      | Reached skill level 5 in Conjurations
   170 | D:4      | Reached XP level 2. HP: 15/15 MP: 2/8
   170 | D:4      | Reached XP level 3. HP: 19/19 MP: 2/9
   370 | D:5      | Entered Level 5 of the Dungeon
   395 | D:5      | Noticed a scorpion
   399 | D:5      | Reached skill level 6 in Conjurations
   399 | D:5      | Reached XP level 4. HP: 24/24 MP: 6/10
   405 | D:5      | Learned a level 2 spell: Searing Ray
   416 | D:5      | Noticed Menkaure
   421 | D:5      | Mangled by Menkaure

Illustrated notes

Levels and vault maps discovered:
D:1:      dpeg_arrival_orchard, layout_basic
D:2:      layout_loops_corners, uniq_natasha, uniq_crazy_yiuf_cottage
D:3:      layout_basic, serial_shops, nicolae_shop_stone, shop
D:4:      layout_basic, nicolae_figureground_sparkle, uniq_sigmund, uniq_robin,
          uniq_blork_the_orc
D:5:      layout_cave_pools, nicolae_ru_path_of_blood, minmay_quadrilaterals,
          uniq_menkaure, uniq_ijyb

Skill      XL: |  1  2  3 |
---------------+----------+-----
Conjurations   | 5 6 |  6.2
Dodging        | |  2.4
Stealth        | |  2.4
Spellcasting   | |  3.0

Action                     |  1- 3 |  4- 6 || total
---------------------------+-------+-------++-------
  Melee: Unarmed           |       |     7 ||     7
         Punch             |       |     1 ||     1
   Cast: Magic Dart        |    19 |     3 ||    22
 Armour: Robe              |       |     2 ||     2
  Dodge: Dodged            |     1 |     9 ||    10
